 Dungeon Crawl Stone Soup version 0.21-a0-442-g848f44b (webtiles) character file.

268 tof the Slasher (level 6, 0/55 HPs)
             Began as a Minotaur Berserker on Nov 15, 2017.
             Was a Priest of Trog.
             Killed from afar by a kobold (4 damage)
             ... with a wand of flame (?/48)
             ... on level 4 of the Dungeon.
             The game lasted 00:03:04 (3509 turns).

tof the Slasher (Minotaur Berserker)                Turns: 3509, Time: 00:03:05

Health: 0/55       AC:  4    Str: 21    XL:     6   Next: 1%
Magic:  5/5        EV: 13    Int:  4    God:    Trog [***...]
Gold:   179        SH:  0    Dex: 12    Spells: 5/5 levels left

rFire    . . .     SeeInvis .   a - +0 falchion
rCold    . . .     Gourm    .   (no shield)
rNeg     . . .     Faith    .   p - +0 leather armour
rPois    .         Spirit   .   (helmet restricted)
rElec    .         Reflect  .   (no cloak)
rCorr    .         Harm     .   j - +0 pair of gloves
MR       .....                  (no boots)
Stlth    ..........             (no amulet)
HPRegen  0.18/turn              q - ring of loudness (curse)
MPRegen  0.09/turn              (no ring)

@: lethally poisoned (0 -> -5)
A: retaliatory headbutt, horns 2
a: Berserk, Trog's Hand, Burn Spellbooks, Renounce Religion


You were on level 4 of the Dungeon.
You worshipped Trog.
Trog was most pleased with you.
You were not hungry.

You visited 1 branch of the dungeon, and saw 4 of its levels.

You collected 179 gold pieces.

Inventory:

Hand Weapons
 a - a +0 falchion (weapon)
Missiles
 u - 3 tomahawks (quivered)
Armour
 b - a +0 animal skin
 j - a +0 pair of gloves (worn)
 p - a +0 leather armour (worn)
Jewellery
 q - a cursed ring of loudness (left hand)
Scrolls
 e - a scroll of fear
 f - 6 scrolls of remove curse
 g - a scroll of magic mapping
 k - 2 scrolls of fog
 m - 2 scrolls of enchant weapon
 n - 7 scrolls of teleportation
 r - a scroll of recharging {unknown}
 s - 2 scrolls of blinking
Potions
 d - a potion of lignification {unknown}
 i - 5 potions of curing {unknown}
 o - a potion of flight {unknown}
 t - a potion of cancellation
Comestibles
 c - 3 bread rations
 h - 3 fruits
 l - a meat ration


   Skills:
 + Level 4.8 Fighting
 * Level 5.9 Long Blades
 + Level 3.9 Armour
 + Level 3.6 Dodging


You had 5 spell levels left.
You didn't know any spells.

Dungeon Overview and Level Annotations

Branches:
Dungeon (4/15)
 Temple: D:4-7

Altars:
Hepliaklqana
Ru
Vehumet
Wu Jian


Innate Abilities, Weirdness & Mutations

You reflexively headbutt those who attack you in melee.
You have a pair of horns on your head.


Message History

You hit the worker ant. Your headbutt misses the worker ant.
The worker ant is lightly wounded.
The scorpion barely misses you.
You riposte.
You barely miss the scorpion. The worker ant bites you.
The kobold hits you but does no damage.
You hit the worker ant but do no damage.
Your headbutt misses the worker ant.
The worker ant is lightly wounded.
The scorpion stings you.
You are poisoned.
The scorpion poisons you! The worker ant bites you.
The kobold zaps a wand.
The puff of flame hits you!
* * * LOW HITPOINT WARNING * * *
You hit the worker ant. You headbutt the worker ant.
The worker ant is heavily wounded.
You feel sick. The scorpion stings you.
* * * LOW HITPOINT WARNING * * *
The worker ant bites you.
* * * LOW HITPOINT WARNING * * *
The kobold zaps a wand.
The puff of flame hits you!
You die...

# # # #### #######
#....##### ####......
#........######....#####
#.@........#### #
......Kas######## #
...#._.#.# .........#
.....#..!. #..........
####....... #. #........
.. .#


You could see a scorpion, a worker ant and a kobold.

Vanquished Creatures
  2 orc priests (D:3)
  2 orc wizards (D:3)
  3 adders
  2 oozes
  5 worms
  2 dart slugs
  A leopard gecko (D:3)
  15 orcs (D:3)
  A ball python (D:2)
  4 bats
  10 giant cockroaches
  6 goblins
  6 hobgoblins
  2 jackals (D:2)
  3 kobolds
  3 quokkas
  5 frilled lizards
  14 rats
86 creatures vanquished.

Notes
Turn   | Place    | Note
-------+----------+-------------------------------------------
     0 | D:1      | tof the Minotaur Berserker began the quest for the Orb.
     0 | D:1      | Reached XP level 1. HP: 19/19 MP: 0/0
   311 | D:1      | Reached XP level 2. HP: 27/27 MP: 1/1
   312 | D:1      | Reached skill level 4 in Long Blades
  1010 | D:2      | Reached XP level 3. HP: 20/33 MP: 2/2
  1172 | D:2      | Reached ** piety under Trog
  1307 | D:2      | Found an ornate altar of the Wu Jian Council.
  1308 | D:2      | Found a hazy altar of Hepliaklqana.
  1484 | D:2      | Reached XP level 4. HP: 40/40 MP: 3/3
  1910 | D:3      | Found a sacrificial altar of Ru.
  2008 | D:3      | Reached skill level 5 in Long Blades
  2026 | D:3      | Reached *** piety under Trog
  2026 | D:3      | Reached XP level 5. HP: 34/47 MP: 4/4
  3099 | D:3      | Reached XP level 6. HP: 52/55 MP: 5/5
  3500 | D:4      | Found a radiant altar of Vehumet.
  3509 | D:4      | Killed from afar by a kobold

Vault maps used:
D:1:      mainiacjoe_arrival_reflecting_pool
D:2:      chequers_temple_overflow_statue_of_worship, minmay_ruptured
D:3:      hangedman_ru_absence
D:4:      vehumet_altar_wand_db, minmay_misc_feat_more_columns,
          minmay_divided_ellipse

Skill      XL: |  1  2  3  4 |
---------------+-------------+-----
Long Blades    | 4 5 |  5.9
Fighting       | 4 |  4.8
Armour         | 3 |  3.9
Dodging        | 3 |  3.6

Action                   |  1- 3 |  4- 6 || total
-------------------------+-------+-------++-------
Melee: Falchion          |    81 |   108 ||   189
       Headbutt          |    18 |    23 ||    41
  Use: Scroll            |       |     8 ||     8
 Stab: Sleeping          |     1 |       ||     1
  Eat: Chunk             |     2 |     6 ||     8
Armor: Animal skin       |    17 |       ||    17
       Leather armour    |       |    20 ||    20
Dodge: Dodged            |    58 |    55 ||   113
       Rpst.: Falchion   |    16 |    18 ||    34

Table legend:
 A = Spawn XP
 B = Non-spawn XP
 C = Spawn XP percentage of total XP
 D = Spawn monster count
 E = Non-spawn monster count
 F = Spawn count percentage of total count
 G = Total turns spent on level
                    A         B        C        D         E        F      G
               +---------+---------+-------+---------+---------+-------+---------
         Total |       0 |     384 |   0.0 |       0 |      86 |   0.0 |  3509
               +---------+---------+-------+---------+---------+-------+---------
           D:1 |       0 |      24 |   0.0 |       0 |      15 |   0.0 |   785
           D:2 |       0 |      90 |   0.0 |       0 |      32 |   0.0 |  1118
           D:3 |       0 |     270 |   0.0 |       0 |      39 |   0.0 |  1536
               +---------+---------+-------+---------+---------+-------+---------
